 Dungeon Crawl Stone Soup version 0.17-a0-2220-g6fea741 (webtiles) character file.

410334 4thArraOfDagon the Black Belt (level 22, -2/140 HPs)
             Began as a Tengu Monk on Oct 27, 2015.
             Was the Champion of Cheibriados.
             Killed by divine providence
             ... invoked by a greater mummy
              (8 damage)
             ... while paralysed by a sphinx
             ... on level 1 of the Tomb of the Ancients on Oct 28, 2015.
             The game lasted 02:48:51 (19966 turns).

4thArraOfDagon the Black Belt (Tengu Monk)         Turns: 19966, Time: 02:48:51

Health: -2/140     AC: 28    Str: 29    XL:     22   Next: 74%
Magic:  0/45       EV:  2    Int: 39    God:    Cheibriados [******]
Gold:   2865       SH:  0    Dex: 26    Spells: 8 memorised, 11 levels left

rFire  + . .     SeeInvis .       - Unarmed
rCold  + + .     Clarity  .     (armour currently unavailable)
rNeg   + + +     SustAt   .     H - +1 large shield {rN+}
rPois  ∞         Gourm    .     U - +2 hat {rC+}
rElec  +         Spirit   +     G - +1 ratskin cloak {rPois rN+ Int-1 Dex-1}
rCorr  .         Warding  .     (gloves currently unavailable)
rMut   .         Rnd*Tele +     (boots unavailable)
MR     +....                    a - amulet of the Burgomaster {Spirit rF+ rC+ Int+5 Dex-3}
Stlth  +++++.....               r - ring "Oneom" {Wiz rElec MP+9 Stlth+}
                                l - ring of teleportation

@: paralysed, statue-form, marked, flying quickly and evasively, slowed, very
slow, somewhat resistant to hostile enchantments, quite stealthy
A: beak, talons 3, blurry vision 1, breathe flames 1, frail 2, regeneration 1,
screaming 3, no device heal 1, able to fly 2
a: Stop Flying, End Transformation, Bend Time, Temporal Distortion, Slouch, Step
From Time, Renounce Religion, Breathe Fire, Evoke Teleportation
}: 4/15 runes: decaying, slimy, silver, gossamer


You were on level 1 of the Tomb of the Ancients.
You worshipped Cheibriados.
Cheibriados was exalted by your worship.
You were not hungry.
You were a stone statue.
You visited 9 branches of the dungeon, and saw 50 of its levels.
You also visited: Labyrinth and Ice Cave.

You collected 3795 gold pieces.
You spent 878 gold pieces at shops.

Inventory:

Missiles
 x - a throwing net (quivered)
Armour
 i - a +2 pair of gloves of cold resistance (melded)
 s - a +1 buckler of cold resistance
 G - the +1 ratskin cloak (worn) {rPois rN+ Int-1 Dex-1}
   (You found it on level 6 of the Pits of Slime)

   It affects your intelligence (-1).
   It affects your dexterity (-1).
   It protects you from poison.
   It protects you from negative energy.
 H - a +1 large shield of positive energy (worn)
 N - a +3 buckler of protection
 P - a +2 robe of resistance (melded)
 U - a +2 hat of cold resistance (worn)
Magical Staves
 y - an uncursed staff of energy {!a}
Rods
 D - a +0 rod of shadows (12/12)
   (You found it on level 6 of the Lair of Beasts)
Jewellery
 a - the amulet of the Burgomaster (around neck) {Spirit rF+ rC+ Int+5 Dex-3}
   (You found it in a labyrinth)

   [amulet of guardian spirit]

   It causes incoming damage to be split between your health and magic.
   It affects your intelligence (+5).
   It affects your dexterity (-3).
   It protects you from fire.
   It protects you from cold.
 l - a ring of teleportation (left hand)
 o - an uncursed ring of protection from fire
 p - an uncursed ring of see invisible
 r - the ring "Oneom" (right hand) {Wiz rElec MP+9 Stlth+}
   (You found it on level 6 of the Pits of Slime)

   [ring of wizardry]

   It improves your spell success rate.
   It insulates you from electricity.
   It affects your magic capacity (+9).
   It makes you more stealthy.
 K - an uncursed ring of protection from magic
 R - an uncursed ring of protection from cold
 S - an uncursed amulet of warding
 T - an uncursed ring of sustain attributes
Wands
 d - a wand of teleportation (2)
 n - a wand of digging (16)
 J - a wand of disintegration (4)
Scrolls
 e - 3 scrolls of fog
 k - 9 scrolls of remove curse
 q - 4 scrolls of recharging
 C - a scroll of blinking
 L - 2 scrolls of immolation
 X - a scroll of holy word
 Y - 4 scrolls of magic mapping
Potions
 c - a potion of cancellation
 f - 2 potions of berserk rage
 h - 4 potions of lignification
 m - a potion of invisibility
 w - 2 potions of heal wounds
 A - 3 potions of curing
 E - 2 potions of might
 W - 3 potions of ambrosia
Miscellaneous
 j - a phial of floods
 t - a legendary deck of war
 u - a legendary deck of escape {the Elixir}
 v - a sack of spiders
 z - a disc of storms
 B - a fan of gales
 F - a plain deck of summoning {the Elements}
 I - a plain deck of wonders
 M - a stone of tremors
 V - a phantom mirror
 Z - an ornate deck of changes
Comestibles
 b - 16 bread rations
 g - 16 meat rations
 O - a chunk of flesh


   Skills:
 - Level 13.8 Fighting
 - Level 15.0 Dodging
 - Level 11.0 Stealth
 * Level 11.0 Shields
 - Level 20.0 Unarmed Combat
 - Level 9.0 Spellcasting
 - Level 2.3 Charms
 - Level 1.0 Translocations
 - Level 10.4 Transmutations
 - Level 4.1 Ice Magic
 - Level 4.0 Air Magic
 - Level 9.6 Earth Magic
 - Level 13.0 Invocations
 - Level 11.0 Evocations


You had 11 spell levels left.
You knew the following spells:

 Your Spells              Type           Power        Failure   Level  Hunger
a - Apportation           Tloc           ####......   4%          1    None
b - Ice Form              Ice/Trmt       ######..     3%          4    None
c - Stoneskin             Trmt/Erth      #######.     1%          2    None
d - Passwall              Trmt/Erth      #######...   1%          3    None
e - Statue Form           Trmt/Erth      #######..    14%         6    ####...
f - Blink                 Tloc           N/A          6%          2    None
g - Passage of Golubria   Tloc           N/A          52%         4    None
h - Deflect Missiles      Chrm/Air       #####.....   99%         6    ####...


Dungeon Overview and Level Annotations

Branches:
Dungeon (15/15)            Temple (0/1) D:6            Lair (8/8) D:10
  Swamp (4/4) Lair:6       Spider (4/4) Lair:5        Slime (6/6) Lair:6
    Orc (4/4) D:10         Vaults (5/5) D:13          Crypt (3/3) Vaults:2
   Tomb (1/3) Crypt:3
    Elf: Orc:3-4     Depths: D:15

Altars:
Ashenzari
Cheibriados
Dithmenos
Makhleb
Okawaru
Qazlal
Ru
Vehumet
Xom
Yredelemnul
The Shining One
Jiyva

Shops:
Orc:4 (!}*

Portals:
Pandemonium: Orc:4
Trove: D:12 (give wand of heal wounds (8))

Annotations:
D:5 Eustachio
D:6 4thArraOfDagon's ghost, amateur MfWn
D:7 Prince Ribbit
Lair:6 exclusion: oklob plant
Lair:8 exclusion: oklob plant
Swamp:4 Aizul
Vaults:2 CRUPT, 1 exclusion


Innate Abilities, Weirdness & Mutations

You have a beak for a mouth.
You have claws for feet.
You can fly continuously.
Scrolls take you a little longer to read.
You can breathe flames.
You are very frail (-20% HP).
Your natural rate of healing is unusually fast.
You frequently scream uncontrollably at your foes.
Potions and wands are less effective at restoring your health.


Message History

The sphinx hits you but does no damage. The iron dragon simulacrum bites you.
* * * LOW HITPOINT WARNING * * *
The iron dragon simulacrum freezes you! You resist.
* * * LOW HITPOINT WARNING * * *
The iron dragon simulacrum claws you but does no damage.
The iron dragon simulacrum tramples you but does no damage.
The sphinx casts a spell.
You resist with some effort. The sphinx hits you but does no damage.
The sphinx hits you!
* * * LOW HITPOINT WARNING * * *
The sphinx hits you but does no damage.
The mummy priest mumbles some strange prayers to its god.
The sphinx mumbles some strange words.
You resist with some effort.
Your surroundings suddenly seem different.
A greater mummy comes into view.
You feel a strong urge to scream, but you are unable to make a sound!
The greater mummy points at you and mumbles some strange words.
Something smites you!
You die...

........HHH...............
$..8...8......M.HM.......
........H................
##.......################
#.8...8.# ##### ###
#.......#


#MMM# ...' #MMM ..M. #..#M.#..# #8.....# #......# %.#..#..# #....... # #......
#>.. #...# #.8...8 ##### #### #...... ##'''''## #.......####### You could see 5
greater mummies, a guardian mummy and 2 mummies.

Vanquished Creatures
  the royal jelly (Slime:6)
  Dissolution (Slime:2)
  Mennas (Vaults:5)
  A greater mummy (Tomb:1)
  2 golden dragons (Vaults:5)
  Jorgrun (Spider:2)
  4 tentacled monstrosities (Vaults:5)
  A lich (Vaults:5)
  4 titans (Vaults:5)
  13 acid blobs
  A shadow dragon (shapeshifter) (Vaults:5)
  4 sphinxes
  Kirke (D:12)
  2 storm dragons (Vaults:5)
  7 shadow dragons (Vaults:5)
  2 revenants
  9 azure jellies
  Maud (Lair:7)
  8 vault wardens
  2 iron dragons (Vaults:5)
  An iron dragon (shapeshifter) (D:13)
  7 fire giants (Vaults:5)
  3 frost giants (Vaults:5)
  10 emperor scorpions
  7 stone giants
  10 ironheart preservers
  4 ghouls
  2 war gargoyles
  5 very ugly things (Vaults:5)
  2 vampire knights
  4 deep elf demonologists
  A salamander stormcaller (Vaults:5)
  A deep elf annihilator (Vaults:4)
  3 eidola
  2 deep elf death magi
  A mummy priest (Tomb:1)
  5 ettins (Vaults:5)
  A jiangshi (Crypt:1)
  9 death oozes
  A deep elf high priest (Vaults:5)
  A minotaur (Lab)
  4 fire dragons
  Josephine (Lair:4)
  12 yaktaur captains
  A fire dragon (shapeshifter) (Vaults:5)
  25 vault guards
  4 ogre magi
  13 hydras
  15 great orbs of eyes
  Harold (Lair:3)
  2 ice dragons
  2 death knights
  An entropy weaver (Spider:2)
  Erica (D:9)
  7 death yaks
  3 centaur warriors
  A tengu warrior (D:13)
  2 deep troll shamans
  6 alligators
  3 deep troll earth magi (Vaults:5)
  2 small abominations
  A vampire mage (Vaults:2)
  2 hell knights (Vaults:5)
  7 orc high priests (Orc:4)
  2 soul eaters
  2 deep elf knights (Vaults:4)
  An iron troll (shapeshifter) (Vaults:5)
  An unseen horror (shapeshifter) (Vaults:5)
  2 giant orange brains
  A shadow wraith (Vaults:5)
  A gelid demonspawn (Orc:4)
  A golden dragon zombie (Crypt:1)
  An infernal demonspawn (Orc:4)
  An unseen horror (Vaults:1)
  A flayed ghost (Crypt:1)
  A putrid demonspawn (Orc:4)
  10 swamp dragons (Swamp:4)
  A wizard (D:15)
  4 hill giants
  A spriggan druid (Swamp:4)
  An ice statue (IceCv)
  15 ironbrand convokers
  11 deep trolls
  A lindwurm (Lair:8)
  3 shambling mangroves
  14 wolf spiders
  2 anubis guards (Tomb:1)
  5 shining eyes
  6 phantasmal warriors
  4 hornets
  A fire giant zombie (Vaults:1)
  8 harpies
  2 necromancers
  2 deep elf conjurers
  11 orc knights
  2 manticores
  18 ugly things
  2 griffons
  6 elephants (Lair:8)
  8 orb spiders
  4 orc sorcerers (Orc:4)
  A moth of wrath (shapeshifter) (Vaults:5)
  4 cyclopes
  A fire giant skeleton (Crypt:3)
  Maurice (D:10)
  A centaur zombie (D:13)
  A moth of wrath (Spider:4)
  12 vault sentinels
  2 eyes of devastation
  6 gargoyles
  4 black mambas
  A guardian serpent (shapeshifter) (Vaults:5)
  2 rust devils (Orc:4)
  11 spiny frogs
  Psyche (D:8)
  A black mamba (shapeshifter) (D:13)
  2 centaur skeletons
  7 torpor snails (Lair:8)
  A kobold demonologist (D:15)
  8 komodo dragons
  23 yaktaurs
  22 freezing wraiths
  10 demonic crawlers
  9 fire drakes
  3 tengu conjurers
  A jumping spider (shapeshifter) (D:13)
  9 jumping spiders
  4 deep elf priests
  9 two-headed ogres
  A shadow dragon simulacrum (Vaults:4)
  A moth of wrath zombie (Crypt:2)
  3 polar bears
  A troll (D:13)
  26 blink frogs
  6 giant leeches
  81 slime creatures
  A fire giant simulacrum (Vaults:2)
  6 boulder beetles
  A raiju (shapeshifter) (Vaults:2)
  A guardian serpent zombie (Crypt:3)
  2 bog bodies
  44 redbacks
  3 wyverns
  2 shadows (Lab)
  13 tarantellas
  4 flying skulls (Tomb:1)
  19 trapdoor spiders
  13 deep elf fighters
  A vampire (Vaults:2)
  4 hogs (D:12)
  9 deep elf magi
  A ynoxinul (Orc:4)
  A salamander simulacrum (Vaults:1)
  A hog (shapeshifter) (D:15)
  5 basilisks
  6 hippogriffs
  12 wraiths
  2 death yak simulacra (IceCv)
  43 yaks
  9 vampire mosquitoes
  10 golden eyes
  A chaos spawn (Orc:4)
  5 spriggans
  13 wolves
  A hungry ghost (D:11)
  3 steam dragons
  A human simulacrum (Vaults:1)
  A merfolk zombie (Crypt:1)
  6 swamp worms
  6 wargs
  2 mottled dragons
  A mottled dragon (shapeshifter) (Vaults:5)
  A water nymph zombie (Crypt:1)
  5 water moccasins
  12 porcupines
  A warg (shapeshifter) (D:13)
  5 insubstantial wisps
  42 orc warriors
  A sky beast (D:8)
  19 spiders
  11 swamp drakes
  10 ice beasts
  4 boggarts (Vaults:2)
  4 necrophages
  5 phantoms
  A black bear (D:8)
  6 eyes of draining
  12 centaurs
  14 wasps
  2 human skeletons
  20 ogres
  An elf zombie (D:14)
  2 big kobolds (Vaults:5)
  3 brain worms (Lair:8)
  14 crocodiles
  16 giant frogs
  A water moccasin zombie (D:9)
  A wyvern zombie (D:12)
  4 scorpions
  A wyvern skeleton (D:9)
  A water moccasin skeleton (D:9)
  19 jellies
  23 killer bees
  A polar bear skeleton (Crypt:2)
  A yak skeleton (Crypt:2)
  A draconian simulacrum (IceCv)
  2 quasits
  16 wights
  5 crimson imps
  A giant frog zombie (D:12)
  10 hounds
  23 orc wizards
  4 iguanas
  5 human zombies
  30 orc priests
  6 troll simulacra (IceCv)
  2 polar bear simulacra (IceCv)
  A spriggan simulacrum (IceCv)
  4 worker ants
  A killer bee zombie (Crypt:1)
  33 sheep
  8 centaur simulacra (IceCv)
  2 hound skeletons
  3 mummies
  A worker ant zombie (D:5)
  3 gnolls (D:7)
  3 naga simulacra (IceCv)
  An ogre simulacrum (IceCv)
  8 adders
  60 river rats
  2 shadow imps
  12 white imps (IceCv)
  5 oozes (Slime:1)
  An adder skeleton (D:4)
  17 worms
  2 giant geckos
  126 orcs
  2 ball pythons (D:8)
  4 giant cockroaches
  3 hobgoblins
  7 jackals
  2 quokkas
  2 bats (D:2)
  A giant gecko skeleton (D:6)
  3 giant newts
  6 goblins
  A jackal skeleton (D:4)
  6 kobolds
  An orc zombie (D:14)
  9 rats
  3 crawling corpses (Vaults:5)
  3 fire vortices (Vaults:5)
  A fungus (Lair:7)
  A lost soul (Crypt:1)
  A plant (Lair:8)
1665 creatures vanquished.

Vanquished Creatures (collateral kills)
  An emperor scorpion (Spider:4)
  2 death yaks (Lair:8)
  An orb spider (Spider:4)
  A jelly (Slime:6)
5 creatures vanquished.

Vanquished Creatures (others)
  An eldritch tentacle (Vaults:5)
  An ironheart preserver (Vaults:5)
  2 vault guards (Vaults:5)
  An ogre mage (Vaults:2)
  A shadow wraith (Vaults:4)
  A redback (Spider:2)
  A human (D:12)
  A swamp drake (Swamp:4)
  A wasp (Swamp:4)
  A killer bee (D:12)
  A crimson imp (D:8)
  A quasit (D:8)
  83 eldritch tentacle segments (Vaults:5)
  14 fungi
  29 plants
139 creatures vanquished.

Grand Total: 1809 creatures vanquished

Notes
Turn   | Place    | Note
--------------------------------------------------------------
     0 | D:1      | 4thArraOfDagon the Tengu Monk began the quest for the Orb.
     0 | D:1      | Reached XP level 1. HP: 14/14 MP: 2/2
   179 | D:3      | Found a sacrificial altar of Ru.
   187 | D:3      | Found a snail-covered altar of Cheibriados.
   191 | D:3      | Found a glowing golden altar of the Shining One.
   197 | D:3      | Became a worshipper of Cheibriados the Contemplative
   197 | D:3      | Reached * piety under Cheibriados
   197 | D:3      | Reached ** piety under Cheibriados
   216 | D:4      | Noticed a worker ant
   353 | D:1      | Found an iron altar of Okawaru.
   365 | D:1      | Reached XP level 2. HP: 19/19 MP: 3/3
   630 | D:2      | Reached XP level 3. HP: 23/23 MP: 4/4
   790 | D:3      | Reached skill level 5 in Unarmed Combat
   802 | D:3      | Reached *** piety under Cheibriados
   968 | D:3      | Reached skill level 1 in Invocations
  1011 | D:4      | Found a shattered altar of Ashenzari.
  1108 | D:4      | Noticed an ogre
  1119 | D:4      | Killed an ogre
  1119 | D:4      | Reached XP level 4. HP: 28/28 MP: 4/6
  1119 | D:4      | Gained mutation: You can fly. [Tengu growth]
  1119 | D:4      | Reached XP level 5. HP: 32/32 MP: 4/7
  1233 | D:4      | Found an iron altar of Okawaru.
  1234 | D:4      | Found a radiant altar of Vehumet.
  1279 | D:5      | Entered Level 5 of the Dungeon
  1282 | D:5      | Noticed Eustachio
  1351 | D:4      | Killed a worker ant
  1550 | D:6      | Reached skill level 6 in Unarmed Combat
  1550 | D:6      | Reached XP level 6. HP: 28/38 MP: 8/8
  1573 | D:6      | Noticed 4thArraOfDagon's ghost (amateur MfWn)
  1701 | D:5      | Reached **** piety under Cheibriados
  1862 | D:6      | Found a burning altar of Makhleb.
  1903 | D:6      | Noticed a centaur
  1910 | D:6      | Killed a centaur
  1927 | D:6      | Noticed a komodo dragon
  2051 | D:7      | Reached XP level 7. HP: 33/43 MP: 9/9
  2124 | D:7      | Found a shimmering altar of Xom.
  2192 | D:7      | Reached skill level 5 in Dodging
  2212 | D:7      | Noticed a hippogriff
  2222 | D:7      | Killed a hippogriff
  2222 | D:7      | Reached skill level 7 in Unarmed Combat
  2270 | D:6      | Noticed an orc warrior
  2350 | D:7      | Noticed Prince Ribbit
  2363 | D:6      | Found a staircase to the Ecumenical Temple.
  2399 | D:7      | Reached XP level 8. HP: 41/48 MP: 11/11
  2407 | D:7      | Noticed a hungry ghost
  2519 | D:8      | Reached ***** piety under Cheibriados
  2519 | D:8      | Reached skill level 5 in Fighting
  2592 | D:8      | Noticed a cyclops
  2605 | D:8      | Reached skill level 8 in Unarmed Combat
  2614 | D:8      | Killed a cyclops
  2614 | D:8      | Reached skill level 9 in Unarmed Combat
  2614 | D:8      | Reached XP level 9. HP: 30/55 MP: 2/13
  2775 | D:8      | Noticed a tengu conjurer
  2910 | D:8      | Killed a tengu conjurer
  2910 | D:8      | Reached skill level 5 in Invocations
  3127 | D:8      | Reached skill level 10 in Unarmed Combat
  3195 | D:9      | Reached XP level 10. HP: 45/61 MP: 15/15
  3407 | D:8      | Noticed Psyche
  3414 | D:8      | Killed Psyche
  3468 | D:9      | Reached skill level 11 in Unarmed Combat
  3518 | D:9      | Noticed Erica
  3533 | D:9      | Killed Erica
  3701 | D:9      | Reached ****** piety under Cheibriados
  3771 | D:10     | Entered Level 10 of the Dungeon
  3773 | D:10     | Reached XP level 11. HP: 56/68 MP: 10/16
  3775 | D:10     | Reached skill level 12 in Unarmed Combat
  3921 | D:10     | Noticed a centaur warrior
  3930 | D:10     | Killed a centaur warrior
  3992 | D:10     | Found a staircase to the Orcish Mines.
  4174 | D:11     | Noticed a catoblepas
  4332 | D:10     | Noticed a centaur warrior
  4342 | D:10     | Killed a centaur warrior
  4444 | D:10     | Reached skill level 13 in Unarmed Combat
  4488 | D:10     | Noticed Maurice
  4502 | D:10     | Killed Maurice
  4610 | D:10     | Found a staircase to the Lair.
  4790 | D:12     | Noticed Kirke
  4814 | D:12     | Killed Kirke
  4814 | D:12     | Reached skill level 10 in Dodging
  4814 | D:12     | Reached XP level 12. HP: 76/76 MP: 18/18
  4901 | D:12     | Noticed a hill giant
  4907 | D:12     | Killed a hill giant
  4961 | D:12     | Noticed a hill giant
  4970 | D:12     | Killed a hill giant
  4996 | D:12     | Found a portal to a secret trove of treasure.
  5097 | D:12     | Found a glowing golden altar of the Shining One.
  5172 | D:12     | Learned a level 1 spell: Apportation
  5237 | D:13     | Reached skill level 14 in Unarmed Combat
  5249 | D:13     | Found a frozen archway.
  5258 | IceCv    | Entered an ice cave
  5778 | IceCv    | Found an ancient bone altar of Kikubaaqudgha.
  6012 | IceCv    | Learned a level 4 spell: Ice Form
  6097 | IceCv    | Reached skill level 1 in Ice Magic
  6273 | D:13     | Reached skill level 1 in Transmutations
  6288 | D:13     | Reached skill level 1 in Spellcasting
  6358 | D:13     | Reached skill level 10 in Fighting
  6358 | D:13     | Reached XP level 13. HP: 71/82 MP: 20/20
  6486 | D:13     | Noticed a sphinx
  6495 | D:13     | Noticed a frost giant
  6511 | D:13     | Noticed a tengu warrior
  6517 | D:13     | Killed a tengu warrior
  6525 | D:13     | Noticed a juggernaut
  6529 | D:13     | jeee
  6529 | D:13     | Noticed a stone giant
  6529 | D:13     | an alligator snapping turtle changed into a stone giant
  6531 | D:13     | Noticed a fire giant
  6531 | D:13     | a stone giant changed into a fire giant
  6537 | D:13     | Noticed an acid blob
  6537 | D:13     | a fire giant changed into an acid blob
  6538 | D:13     | Noticed an iron dragon
  6538 | D:13     | an acid blob changed into an iron dragon
  6544 | D:13     | Killed an iron dragon
  6564 | D:13     | Noticed a rakshasa
  6666 | D:14     | Found a shadowy altar of Dithmenos.
  6933 | D:14     | Found a basalt altar of Yredelemnul.
  7055 | D:14     | we are at it
  7152 | D:15     | Entered Level 15 of the Dungeon
  7329 | D:15     | Noticed an emperor scorpion
  7343 | D:15     | Reached skill level 15 in Unarmed Combat
  7348 | D:15     | Noticed a dire elephant
  7663 | Orc:1    | Entered Level 1 of the Orcish Mines
  7816 | Orc:4    | Entered Level 4 of the Orcish Mines
  7839 | Orc:4    | leet
  8361 | Orc:4    | Found Ede Covosm's Distillery.
  8362 | Orc:4    | Found Akaru's General Store.
  8402 | Orc:4    | Bought a potion of mutation for 30 gold pieces
  8402 | Orc:4    | Bought a potion of heal wounds for 60 gold pieces
  8402 | Orc:4    | Bought a potion of heal wounds for 60 gold pieces
  8402 | Orc:4    | Bought a potion of might for 48 gold pieces
  8402 | Orc:4    | Bought a potion of might for 48 gold pieces
  8402 | Orc:4    | Bought a potion of curing for 36 gold pieces
  8405 | Orc:4    | Identified a scroll of acquirement
  8414 | Orc:4    | Gained mutation: You can breathe flames. [potion of mutation]
  8414 | Orc:4    | Gained mutation: Your body sometimes deteriorates upon taking damage. [potion of mutation]
  8414 | Orc:4    | Gained mutation: You are dopey. (Int -2) [potion of mutation]
  8417 | Orc:4    | Bought a potion of ambrosia for 112 gold pieces
  8485 | Orc:4    | Gained mutation: You can fly continuously. [Tengu growth]
  8485 | Orc:4    | Reached XP level 14. HP: 56/88 MP: 21/21
  8506 | Orc:4    | Paralysed by an orc sorcerer for 4 turns
  9031 | Orc:4    | Found Wakko's Gadget Emporium.
  9031 | Orc:4    | Found Zienuhel's Antique Weapon Shoppe.
  9032 | Orc:4    | Found a one-way gate leading to the halls of Pandemonium.
  9193 | Lair:1   | Entered Level 1 of the Lair of Beasts
  9244 | Lair:2   | Reached skill level 1 in Shields
  9343 | Lair:4   | Noticed Josephine
  9348 | Lair:4   | Killed Josephine
  9554 | Lair:6   | Identified a +0 rod of shadows (12/12) (You found it on level 6 of the Lair of Beasts)
  9628 | Lair:7   | Reached skill level 1 in Evocations
  9635 | Lair:7   | Noticed Maud
  9648 | Lair:7   | Killed Maud
  9648 | Lair:7   | Reached skill level 16 in Unarmed Combat
  9754 | Lair:6   | Found a staircase to the Swamp.
  9921 | Lair:8   | Entered Level 8 of the Lair of Beasts
  9977 | Lair:8   | Found a labyrinth entrance.
  9990 | Lair:8   | hmm
  9998 | Lab      | Entered a labyrinth
 10293 | Lab      | Reached skill level 1 in Translocations
 10303 | Lab      | Learned a level 2 spell: Stoneskin
 10308 | Lab      | Learned a level 3 spell: Passwall
 10316 | Lab      | Got a bound steel amulet
 10331 | Lab      | Identified the amulet of the Burgomaster {Spirit rF+ rC+ Int+5 Dex-3} (You found it in a labyrinth)
 10335 | Lab      | Identified the Volume of the Rocks (You found it in a labyrinth)
 10343 | Lab      | Learned a level 6 spell: Statue Form
 10343 | Lab      | we're at it
 10412 | Lair:8   | Reached XP level 15. HP: 50/94 MP: 20/23
 10432 | Lair:8   | Reached skill level 5 in Transmutations
 10455 | Lair:8   | Reached skill level 1 in Earth Magic
 10463 | Lair:8   | Reached skill level 5 in Spellcasting
 10575 | Lair:8   | Reached skill level 10 in Invocations
 10942 | Lair:6   | Found a viscous altar of Jiyva.
 10943 | Lair:6   | Found a staircase to the Slime Pits.
 11263 | Lair:7   | Identified a +2 rod of destruction (14/14) (You took it off a minotaur in a labyrinth)
 11404 | Lair:8   | Found a shimmering altar of Xom.
 11458 | Lair:8   | Found a runed door.
 11669 | Lair:8   | Gained mutation: Your natural rate of healing is unusually fast. [potion of mutation]
 11669 | Lair:8   | Gained mutation: You have an increased reservoir of magic (+10% MP). [potion of mutation]
 11798 | Lair:8   | Got an ichor-stained leather armour
 11809 | Lair:8   | Identified the +0 leather armour of Soserch {SInv} (You found it on level 8 of the Lair of Beasts)
 11879 | Lair:8   | Reached skill level 5 in Earth Magic
 12179 | Swamp:1  | Entered Level 1 of the Swamp
 12453 | Swamp:4  | Entered Level 4 of the Swamp
 12520 | Swamp:4  | Reached XP level 16. HP: 58/100 MP: 17/29
 12556 | Swamp:4  | ^________________^
 12635 | Swamp:4  | Gained mutation: You occasionally shout uncontrollably at your foes. [mutagenic glow]
 12787 | Swamp:3  | Noticed a thorn hunter
 13176 | Swamp:4  | Noticed Aizul
 13262 | Swamp:4  | Got a decaying rune of Zot
 13524 | Lair:5   | Found a hole to the Spider Nest.
 13543 | Spider:1 | Entered Level 1 of the Spider Nest
 13976 | Spider:3 | Reached XP level 17. HP: 104/104 MP: 26/33
 14027 | Spider:4 | Entered Level 4 of the Spider Nest
 14328 | Spider:4 | Got a jasper-studded ring mail
 14350 | Spider:4 | Reached skill level 10 in Transmutations
 14483 | Spider:4 | Got a gossamer rune of Zot
 14634 | Spider:2 | Noticed Jorgrun
 14639 | Spider:2 | Killed Jorgrun
 14674 | Spider:1 | Got an encrusted ring mail
 14890 | D:10     | Found a stormy altar of Qazlal.
 15012 | Orc:4    | Bought a potion of resistance for 120 gold pieces
 15045 | Orc:4    | Bought a legendary deck of escape for 364 gold pieces
 15222 | Slime:1  | Entered Level 1 of the Pits of Slime
 15240 | Slime:1  | Reached skill level 5 in Evocations
 15311 | Slime:1  | Paralysed by a great orb of eyes for 3 turns
 15315 | Slime:1  | Paralysed by a great orb of eyes for 5 turns
 15326 | Slime:1  | Reached XP level 18. HP: 105/110 MP: 23/35
 15442 | Slime:2  | Gained mutation: You are frail (-10% HP). [a shining eye]
 15445 | Slime:2  | Gained mutation: You sometimes yell uncontrollably at your foes. [a shining eye]
 15499 | Slime:3  | Noticed Dissolution
 15515 | Slime:2  | Killed Dissolution
 15515 | Slime:2  | Reached skill level 10 in Evocations
 15806 | Slime:4  | Gained mutation: You frequently scream uncontrollably at your foes. [a shining eye]
 15811 | Slime:4  | Reached skill level 5 in Shields
 15972 | Slime:6  | Entered Level 6 of the Pits of Slime
 16171 | Slime:6  | Reached skill level 17 in Unarmed Combat
 16230 | Slime:6  | Found a viscous altar of Jiyva.
 16232 | Slime:6  | Noticed the royal jelly
 16256 | Slime:5  | Gained mutation: You are very frail (-20% HP). [a shining eye]
 16257 | Slime:5  | Gained mutation: Potions and wands are less effective at restoring your health. [a shining eye]
 16364 | Slime:6  | Lost mutation: You are dopey. (Int -2) [a shining eye]
 16364 | Slime:6  | Lost mutation: You have an increased reservoir of magic (+10% MP). [a shining eye]
 16365 | Slime:6  | Gained mutation: Scrolls take you a little longer to read. [a shining eye]
 16417 | Slime:6  | Killed the royal jelly
 16417 | Slime:6  | Reached XP level 19. HP: 92/92 MP: 26/33
 16465 | Slime:6  | Got a translucent granite ring
 16468 | Slime:6  | Identified the ring "Oneom" {Wiz rElec MP+9 Stlth+} (You found it on level 6 of the Pits of Slime)
 16531 | Slime:6  | Identified a +5 rod of inaccuracy (9/9) (You found it on level 6 of the Pits of Slime)
 16545 | Slime:6  | Got a slimy rune of Zot
 16550 | Slime:6  | Identified the cursed +1 ring mail of Filth {rF- Str-4 Slay+4 Stlth+} (You found it on level 4 of the Spider Nest)
 16691 | Lair:5   | Upgraded the game from 0.17-a0-2215-g49c1de0 to 0.17-a0-2220-g6fea741
 16706 | Lair:3   | Noticed Harold
 16721 | Lair:3   | Killed Harold
 17002 | D:13     | Found a gate to the Vaults.
 17006 | Vaults:1 | Entered Level 1 of the Vaults
 17350 | Vaults:2 | Reached skill level 18 in Unarmed Combat
 17553 | Vaults:3 | Reached skill level 5 in Stealth
 17714 | Vaults:4 | Reached XP level 20. HP: 98/98 MP: 32/34
 17955 | Vaults:5 | Entered Level 5 of the Vaults
 17961 | Vaults:5 | Noticed Mennas
 18049 | Vaults:5 | Noticed a golden dragon
 18069 | Vaults:5 | Noticed a golden dragon
 18085 | Vaults:5 | Lost mutation: Your body sometimes deteriorates upon taking damage. [helix card]
 18313 | Vaults:5 | Reached skill level 19 in Unarmed Combat
 18345 | Vaults:5 | Learned a level 2 spell: Blink
 18350 | Vaults:5 | Learned a level 4 spell: Passage of Golubria
 18536 | Vaults:5 | Reached XP level 21. HP: 74/103 MP: 23/35
 18559 | Vaults:5 | Got a silver rune of Zot
 18577 | Vaults:5 | Killed a golden dragon
 18745 | Vaults:5 | Killed Mennas
 18902 | Vaults:5 | Reached skill level 10 in Stealth
 18909 | Vaults:5 | Killed a golden dragon
 18954 | Vaults:5 | Identified Tizaed's Collected Works on Aid (You found it on level 5 of the Vaults)
 18969 | Vaults:5 | Learned a level 6 spell: Deflect Missiles
 19118 | Vaults:5 | Reached skill level 20 in Unarmed Combat
 19151 | Vaults:5 | Reached XP level 22. HP: 108/108 MP: 34/36
 19207 | Vaults:5 | Reached skill level 1 in Air Magic
 19213 | Vaults:5 | Reached skill level 1 in Charms
 19223 | Vaults:5 | Reached skill level 15 in Dodging
 19286 | Vaults:5 | Identified the Guide on Mutagenic Intoxication (You found it on level 5 of the Vaults)
 19611 | Vaults:2 | Found a staircase to the Crypt.
 19647 | Crypt:1  | Entered Level 1 of the Crypt
 19859 | Crypt:3  | Entered Level 3 of the Crypt
 19865 | Crypt:3  | Reached skill level 10 in Shields
 19879 | Crypt:3  | Found a staircase to the Tomb.
 19897 | Tomb:1   | Entered Level 1 of the Tomb of the Ancients
 19941 | Tomb:1   | Noticed a greater mummy
 19946 | Tomb:1   | Killed a greater mummy
 19947 | Tomb:1   | Noticed a greater mummy
 19948 | Tomb:1   | Noticed a greater mummy
 19949 | Tomb:1   | Noticed a greater mummy
 19964 | Tomb:1   | Paralysed by a sphinx for 4 turns
 19965 | Tomb:1   | HP: 5/140 [sphinx (7)]
 19966 | Tomb:1   | Killed from afar by a greater mummy

Vault maps used:
D:1:      dpeg_arrival_triangle_fractal, okawaru_ov_weapons_minmay
D:2:      kennysheep_goblin_castle, minmay_ruptured
D:3:      grunt_temple_overflow_open, first_bread
D:4:      gammafunk_temple_overflow_statue, nicolae_ashenzari_panopticon,
          uniq_grinder
D:5:      uniq_eustachio
D:6:      nicolae_overflow_crystal_walls, lemuel_zombie_altar_yredelemnul,
          minmay_temple_entry_water_ring
D:7:      basic_altar, uniq_prince_ribbit1
D:8:      hangedman_cross_cluster, grunt_temple_overflow_gold_and_silver,
          nrook_mini_backslash, uniq_psyche
D:9:      the_bakery, nicolae_looking_at_the_future, uniq_erica
D:10:     minmay_lair_entry_grove, david_orc_1_choice, lemuel_centaur_altar,
          uniq_maurice
D:12:     nicolae_trove_entry_diagonal, nicolae_tso_carved_into_rock, uniq_kirke
D:13:     david_vaults_2, portal_ice_cave_entry_pillars_03, minmay_lizard_king
D:14:     nicolae_dithmenos_shadow_blocks, lemuel_mausoleum_altar_yredelemnul
D:15:     hangedman_depths_entry_try_elsewhere_first, minivault_27,
          serial_shops, nicolae_shop_waterfront, hangedman_decor_push,
          serial_park_tiny_pond, lightli_minifort
Lair:1:   minivault_26, uniq_urug, uniq_gastronok
Lair:2:   st_stairs_11, uniq_nergalle
Lair:3:   uniq_harold
Lair:4:   boulder_quad_collide, columned_hall_lemuel, roderic_lost_polar_bear,
          uniq_josephine
Lair:5:   spider_nest_entry_webs, grunt_megastairs_4
Lair:6:   swamp_mist_pool, slime_altar_1
Lair:7:   serial_bayou_shore_a, uniq_maud
Lair:8:   guppyfry_lair_end_dragon, wormcave, lab_entry_generic,
          lemuel_oklob_altar, grunt_megastairs_5
Swamp:1:  nicolae_swamp_trees_clearing, swamp_pool3
Swamp:2:  hangedman_swamp_pad, uniq_frances
Swamp:3:  evilmike_swamp_ruin_rubble_2
Swamp:4:  swamp_alternative, uniq_aizul
Spider:1: spider_trap, uniq_donald
Spider:2: hangedman_spider_tarantella_strand, uniq_jorgrun
Spider:3: uniq_arachne
Spider:4: grunt_spider_rune_circles
Slime:1:  special_room, cheibrodos_slime_lost_civilization_7
Slime:3:  dissolution_awaits
Orc:3:    nicolae_orc_pool_cavern
Orc:4:    pf_orc_diabolical
Vaults:1: nicolae_vaults_twisting_passages, vaults_standard_mumra_x,
          nicolae_vaults_little_squares_2, nicolae_vaults_arrows,
          ontoclasm_vaults_ring_square, nicolae_vaults_little_ls,
          grunt_vaults_trifunnel, v_alt_pattern_2, hangedman_vaults_locks,
          v_misc_22, v_misc_24
Vaults:2: minmay_crypt_entry_simple_corners, nicolae_vaults_three_branches,
          nicolae_vaults_little_squares_6, ontoclasm_vaults_loading_screen,
          hangedman_vaults_cutoff, nicolae_vaults_mini_display_case, v_rooms_6,
          hangedman_vaults_slice
Vaults:3: v_misc_15, hangedman_vaults_river_flow, v_misc_14,
          ontoclasm_vaults_shuriken, st_cross, nicolae_vaults_little_squares_4,
          vaults_room_grunt_arrival_ludios, hangedman_vaults_cutoff,
          vaults_room_semicircle, vaults_dpeg_ring, grunt_vaults_funnel,
          serial_shops, shop_fountains, shop_fountains,
          nicolae_shop_behind_doors, shop_fountains,
          nicolae_shop_competitors_out_of_business
Vaults:4: hangedman_vaults_nodes, v_rooms_4, serial_ice_b,
          nicolae_vaults_puzzle_piece, vaults_room_stairs_pillars, v_misc_12,
          hangedman_vaults_corner, v_alt_pattern_6, ontoclasm_vaults_gateway,
          nicolae_vaults_quartermaster, vaults_room_grid, vaults_dpeg_hooks,
          ontoclasm_vaults_ring_small
Vaults:5: uniq_mennas
Crypt:3:  david_glass_crypt, nicolae_crypt_twisting_catacombs, uniq_wiglaf
Lab:      labyrinth_spiral, lab_fountain, nicolae_lab_hexagon,
          labyrinth_skeletal_remains
IceCv:    ice_cave_small_necro

Action                   |  1- 3 |  4- 6 |  7- 9 | 10-12 | 13-15 | 16-18 | 19-21 | 22-24 || total
-------------------------+-------+-------+-------+-------+-------+-------+-------+-------++-------
Melee: Unarmed           |    92 |    76 |   169 |   540 |  1493 |   891 |   787 |   239 ||  4287
Throw: Javelin           |       |       |       |    28 |    18 |       |       |       ||    46
 Cast: Ice Form          |       |       |       |       |     1 |       |       |       ||     1
       Statue Form       |       |       |       |       |       |    39 |    46 |    11 ||    96
       Stoneskin         |       |       |       |       |       |    34 |    57 |    11 ||   102
       Apportation       |       |       |       |       |       |    22 |    48 |    21 ||    91
       Passwall          |       |       |       |       |       |     1 |       |       ||     1
       Passage of Golubr |       |       |       |       |       |       |       |     6 ||     6
Invok: Slouch            |       |       |     2 |    12 |    20 |     9 |     6 |     6 ||    55
       Temporal Distorti |       |       |       |       |     2 |       |     1 |       ||     3
 Abil: Fly               |       |       |       |       |     4 |    16 |       |       ||    20
       Stop Flying       |       |       |       |       |     2 |    14 |       |       ||    16
       Breathe Fire      |       |       |       |       |     1 |     6 |       |       ||     7
       End Transformatio |       |       |       |       |     1 |     2 |       |       ||     3
       Evoke Teleportati |       |       |       |       |       |    31 |    21 |    16 ||    68
Evoke: Rod               |       |       |       |       |     9 |     4 |       |       ||    13
       Wand              |       |       |       |       |       |    21 |    25 |     1 ||    47
       Sack of spiders   |       |       |       |       |       |     4 |       |       ||     4
       Deck              |       |       |       |       |       |       |     7 |       ||     7
  Use: Scroll            |     4 |       |     6 |     6 |    27 |    14 |    10 |     1 ||    68
       Potion            |     1 |       |     2 |     6 |     7 |    14 |     5 |       ||    35
 Stab: Sleeping          |     9 |     2 |     4 |     3 |    10 |     5 |     3 |     2 ||    38
       Distracted        |     1 |       |       |     2 |     3 |       |     4 |     1 ||    11
       Invisible         |       |       |     4 |       |       |       |       |       ||     4
       Confused          |       |       |       |       |     6 |     3 |       |       ||     9
  Eat: Chunk             |       |       |     3 |     8 |    14 |    11 |     2 |     6 ||    44
       Beef jerky        |       |       |       |     2 |     1 |       |       |     2 ||     5
       Fruit             |       |       |       |       |     2 |     7 |     6 |       ||    15
       Pizza             |       |       |       |       |     2 |     2 |     3 |     1 ||     8
       Royal jelly       |       |       |       |       |       |     2 |     1 |       ||     3
       Bread ration      |       |       |       |       |       |     4 |     1 |       ||     5
